 Dungeon Crawl Stone Soup version 0.20.0-15-g7f486f2 (webtiles) character file.

3407 vishdafish the Quickloader (level 10, 0/75 (77) HPs)
             Began as a Formicid Hunter on June 26, 2017.
             Slain by a gargoyle
             ... wielding a +0 mace
              (5 damage)
             ... on level 10 of the Dungeon.
             The game lasted 00:26:38 (8957 turns).

vishdafish the Quickloader (Formicid Hunter)        Turns: 8957, Time: 00:26:39

HP:   0/75 (77)     AC: 15    Str: 21    XL:     10   Next: 24%
MP:   10/10         EV: 12    Int: 15    God:
Gold: 250           SH:  0    Dex: 11    Spells: 9/9 levels left

rFire    + . .     SeeInvis +   y - +0 war axe
rCold    x . .     Gourm    +   (no shield)
rNeg     + . .     Faith    .   c - +0 pearl dragon scales
rPois    .         Spirit   .   (helmet unavailable)
rElec    .         Reflect  .   (no cloak)
rCorr    .         Harm     .   o - +2 pair of gloves
MR       +....                  (no boots)
Stlth    ..........             w - amulet of the gourmand
Regen    0.3/turn               A - ring of fire
MPRegen  0.2/turn               l - +5 ring of intelligence

@: no status effects
A: permanent stasis, dig shafts and tunnels, four strong arms, antennae 3
a: Dig, Shaft Self


You were on level 10 of the Dungeon.
You were not hungry.

You visited 1 branch of the dungeon, and saw 8 of its levels.

You collected 343 gold pieces.
You spent 93 gold pieces at shops.

Inventory:

Hand Weapons
 a - a +1 hand crossbow
 y - a +0 war axe (weapon)
Armour
 c - +0 pearl dragon scales (worn)
 i - a +0 ring mail
 o - a +2 pair of gloves (worn)
Jewellery
 l - a +5 ring of intelligence (right hand)
 w - an amulet of the gourmand (around neck)
 A - a ring of fire (left hand)
 B - an uncursed ring of ice
Wands
 x - a wand of digging (9/24)
Scrolls
 b - 2 scrolls of amnesia
 e - 3 scrolls of recharging
 h - 2 scrolls of enchant weapon {unknown}
 j - 2 scrolls of remove curse
 m - 3 scrolls of enchant armour {unknown}
 p - 2 scrolls of magic mapping {unknown}
 q - 5 scrolls of random uselessness {unknown}
 t - 3 scrolls of teleportation {unknown}
 v - a scroll of fear {unknown}
 E - a scroll of blinking {unknown}
Potions
 s - a potion of brilliance
 z - a potion of magic
 C - a potion of curing {unknown}
 D - a potion of degeneration {unknown}
Books
 g - a book of Callings

   Spells                             Type                      Level
   a - Summon Small Mammal            Summoning                    1
   b - Call Imp                       Summoning                    2
   c - Call Canine Familiar           Summoning                    3
   d - Summon Guardian Golem          Hexes/Summoning              3
   e - Summon Lightning Spire         Summoning/Air                4
   f - Summon Ice Beast               Ice/Summoning                4
 u - a book of Cantrips

   Spells                             Type                      Level
   a - Confusing Touch                Hexes                        1
   b - Animate Skeleton               Necromancy                   1
   c - Summon Small Mammal            Summoning                    1
   d - Apportation                    Translocation                1
Comestibles
 f - 4 bread rations
 k - 3 meat rations
 n - 4 fruits
 r - 2 royal jellies


   Skills:
 + Level 6.4 Fighting
 + Level 5.3 Axes
 * Level 9.6 Crossbows
 + Level 5.7 Armour
 + Level 5.1 Dodging
 - Level 1.2 Stealth


You had 9 spell levels left.
You didn't know any spells.

Dungeon Overview and Level Annotations

Branches:
Dungeon (7/15)
 Temple: D:4-7

Altars:
Ashenzari
Gozag
Hepliaklqana
Kikubaaqudgha
Nemelex Xobeh
Qazlal

Shops:
D:4 *:((!   D:6 }


Innate Abilities, Weirdness & Mutations

You cannot be hasted, slowed, berserked, paralysed or teleported.
You can dig through walls and to a lower floor.
Your four strong arms can wield two-handed weapons with a shield.
You have a pair of large antennae on your head. (SInv)


Message History

The gargoyle is almost destroyed.
The gargoyle hurls a stone arrow at you.
The stone arrow hits you! The gargoyle misses you.
Your pearl dragon scales prevents you from hitting the gargoyle.
The gargoyle is almost destroyed.
The gargoyle hits you with a mace!
* * * LOW HITPOINT WARNING * * *
You hit the gargoyle but do no damage.
The gargoyle is almost destroyed.
The gargoyle hits you with a mace.
* * * LOW HITPOINT WARNING * * *
You barely miss the gargoyle.
The gargoyle is almost destroyed.
The gargoyle hurls a stone arrow at you.
The stone arrow hits you!
* * * LOW HITPOINT WARNING * * *
You hit the gargoyle but do no damage.
The gargoyle is almost destroyed.
The gargoyle hits you with a mace.
You die...

###.####+###
#..........<
#####......#####
#..........#
######.....#
#.....# #.^...#
#.....# #.@9..+
#.....#
#.$..((...
#........(
#.........
#......(..
#.........
#....#####


You could see a gargoyle.

Vanquished Creatures
  Pikel (D:5)
  A hungry ghost (D:7)
  2 orc warriors
  2 phantoms
  2 slaves (D:5)
  A necrophage (D:6)
  8 ogres
  6 bullfrogs
  2 crimson imps
  A bullfrog zombie (D:5)
  2 hounds
  3 jellies (D:6)
  7 orc priests
  2 iguanas (D:4)
  10 orc wizards
  8 worker ants
  A killer bee zombie (D:6)
  A hound zombie (D:6)
  A hound skeleton (D:6)
  13 adders
  2 shadow imps
  5 oozes
  An adder skeleton (D:4)
  3 worms
  2 dart slugs
  5 leopard geckos
  21 orcs
  5 bats
  9 giant cockroaches
  5 goblins
  4 hobgoblins
  8 jackals
  6 kobolds
  4 quokkas
  2 ball pythons
  6 frilled lizards
  2 leopard gecko skeletons
  16 rats
180 creatures vanquished.

Vanquished Creatures (others)
  A bullfrog skeleton (D:5)
  3 jackals (D:5)
4 creatures vanquished.

Grand Total: 184 creatures vanquished

Notes
Turn   | Place    | Note
-------+----------+-------------------------------------------
     0 | D:1      | vishdafish the Formicid Hunter began the quest for the Orb.
     0 | D:1      | Reached XP level 1. HP: 16/16 MP: 1/1
     1 | D:1      | Found a runed door.
    24 | D:2      | Reached XP level 2. HP: 8/22 MP: 2/2
    30 | D:2      | Reached XP level 3. HP: 7/28 MP: 3/3
   994 | D:1      | Reached skill level 5 in Crossbows
   994 | D:1      | Reached XP level 4. HP: 34/34 MP: 4/4
  1449 | D:2      | Reached skill level 1 in Armour
  1579 | D:2      | Reached XP level 5. HP: 32/40 MP: 5/5
  2347 | D:3      | Found a stormy altar of Qazlal.
  2829 | D:4      | Found Leown's Distillery.
  2834 | D:4      | Bought a potion of heal wounds for 65 gold pieces
  2856 | D:4      | Reached XP level 6. HP: 27/47 MP: 6/6
  3128 | D:4      | Noticed an ogre
  3142 | D:4      | Killed an ogre
  3142 | D:4      | Reached skill level 1 in Axes
  3256 | D:4      | Noticed an ogre
  3270 | D:4      | Killed an ogre
  3270 | D:4      | Reached skill level 6 in Crossbows
  3270 | D:4      | Reached XP level 7. HP: 33/53 MP: 7/7
  3438 | D:4      | Found Huttop's Weapon Boutique.
  3454 | D:4      | Found Tobrauro's Weapon Emporium.
  3462 | D:4      | Bought 12 bolts for 28 gold pieces
  3479 | D:4      | Found Xakheuw's Book Shoppe.
  4241 | D:4      | Reached XP level 8. HP: 5/61 MP: 8/8
  4553 | D:4      | Found Dyfiuczaxti's General Store.
  4751 | D:5      | Entered Level 5 of the Dungeon
  5388 | D:5      | Reached skill level 7 in Crossbows
  5470 | D:5      | Noticed Pikel
  5482 | D:5      | Killed Pikel
  5482 | D:5      | Reached skill level 5 in Fighting
  5565 | D:5      | Reached XP level 9. HP: 68/68 MP: 9/9
  5885 | D:6      | Reached skill level 8 in Crossbows
  6276 | D:6      | Found a shattered altar of Ashenzari.
  6305 | D:6      | HP: 1/68 [ogre/giant club (14)]
  7216 | D:6      | Reached skill level 5 in Armour
  7614 | D:6      | Found Bokeriud's Gadget Shop.
  7700 | D:6      | Found a sparkling altar of Nemelex Xobeh.
  7701 | D:6      | Found an ancient bone altar of Kikubaaqudgha.
  7755 | D:6      | Found a hazy altar of Hepliaklqana.
  7847 | D:7      | Reached skill level 9 in Crossbows
  7961 | D:7      | Reached XP level 10. HP: 74/74 MP: 10/10
  7994 | D:7      | Found an opulent altar of Gozag.
  8000 | D:7      | Reached skill level 5 in Axes
  8482 | D:7      | Reached skill level 5 in Dodging
  8565 | D:7      | Noticed a two-headed ogre
  8617 | D:7      | You fall through a shaft for 3 floors!
  8617 | D:10     | Entered Level 10 of the Dungeon
  8938 | D:10     | Noticed a gargoyle
  8957 | D:10     | Slain by a gargoyle

Skill      XL: |  1  2  3  4  5  6  7  8  9 10 |
---------------+-------------------------------+-----
Dodging        | 2 3 4 5 |  5.1
Crossbows      | 5 6 7 9 |  9.6
Armour         | 1 2 3 4 5 |  5.7
Fighting       | 3 4 5 6 |  6.4
Axes           | 1 2 3 4 5 |  5.3
Stealth        | |  1.2

Action                   |  1- 3 |  4- 6 |  7- 9 | 10-12 || total
-------------------------+-------+-------+-------+-------++-------
Melee: Short sword       |       |    17 |       |       ||    17
       Hand axe          |       |    46 |    95 |       ||   141
       War axe           |       |       |   125 |    46 ||   171
 Fire: Hand crossbow     |    44 |   107 |   215 |    59 ||   425
 Abil: Shaft Self        |       |       |       |     1 ||     1
  Use: Scroll            |       |     7 |     1 |     1 ||     9
       Potion            |       |     3 |     2 |       ||     5
 Stab: Invisible         |       |     3 |       |       ||     3
  Eat: Chunk             |       |     8 |    14 |     4 ||    26
       Bread ration      |       |     1 |       |       ||     1
       Royal jelly       |       |       |     1 |       ||     1
Armor: Leather armour    |    29 |    15 |       |       ||    44
       Ring mail         |       |    10 |    11 |       ||    21
       Pearl dragon scal |       |       |   135 |    26 ||   161
Dodge: Dodged            |    47 |    71 |   173 |    54 ||   345
